 Dungeon Crawl Stone Soup version 0.29-a0-551-gffc1d7fb78 (webtiles) character file.

Game seed: 4748977880209019959

76499 dolemite99 the Impaler (level 15, -3/121 HPs)
             Began as a Demonspawn Artificer on June 6, 2022.
             Was a Priest of Yredelemnul.
             Slain by a boulder beetle (7 damage)
             ... on level 15 of the Dungeon.
             The game lasted 00:42:20 (32958 turns).

dolemite99 the Impaler (Demonspawn Artificer)      Turns: 32958, Time: 00:42:21

Health: -3/121     AC: 28    Str: 18    XL:     15   Next: 12%
Magic:  20/20      EV:  5    Int: 15    God:    Yredelemnul [***...]
Gold:   3362       SH: 14    Dex: 13    Spells: 11/14 levels left

rFire   . . .      SeeInvis .   a - +3 trident (spect)
rCold   . . .      Faith    .   R - +0 kite shield
rNeg    . . .      Spirit   .   p - +0 plate armour
rPois   .          Reflect  .   (no helmet)
rElec   .          Harm     .   d - +2 cloak {rCorr}
rCorr   +          Rampage  .   (gloves unavailable)
Will    +....                   (no boots)
Stlth   ..........              w - amulet of regeneration
HPRegen 1.10/turn               s - +4 ring of protection {=R}
MPRegen 0.17/turn               z - +4 ring of protection

@: mighty
A: claws 3, thin metallic scales 1, powered by pain 2, condensation shield
a: Renounce Religion, Recall Undead Harvest, Dark Bargain


You were on level 15 of the Dungeon.
You worshipped Yredelemnul.
Yredelemnul was noncommittal.
You visited 3 branches of the dungeon, and saw 23 of its levels.
You visited the Abyss 1 time.

You collected 3769 gold pieces.
You spent 407 gold pieces at shops.

Inventory:

Hand Weapons
 a - a +3 spectral trident (weapon)
 b - a +0 hunting sling of flaming
 h - a +2 trident of freezing
 i - a +0 club
 B - a +0 flail
 C - a +0 shortbow
Missiles
 c - 8 boomerangs (quivered)
 n - 5 throwing nets
 G - 12 poisoned darts
 N - 4 datura-tipped darts
Armour
 d - a +2 cloak of preservation (worn)
 j - a +3 leather armour of cold resistance
 p - a +0 plate armour (worn)
 x - a +1 chain mail
 E - a +1 chain mail of willpower
 H - a +4 scale mail
 L - +0 swamp dragon scales
 R - a +0 kite shield (worn)
Magical Staves
 T - a staff of poison
 U - a staff of air
Jewellery
 s - a +4 ring of protection (left claw) {=R}
 w - an amulet of regeneration (around neck)
 y - a ring of see invisible
 z - a +4 ring of protection (right claw)
 A - a +6 ring of dexterity
 I - a +6 ring of dexterity
 O - a ring of resist corrosion
 P - a ring of protection from fire
Wands
 e - a wand of polymorph (7)
Scrolls
 f - 8 scrolls of teleportation
 g - 3 scrolls of silence
 k - 3 scrolls of identify {@r1}
 l - 4 scrolls of fog
 o - a scroll of magic mapping
 u - a scroll of amnesia
 v - a scroll of fear
 D - 5 scrolls of vulnerability
 J - a scroll of noise
Potions
 m - 5 potions of attraction
 q - a potion of magic
 r - a potion of flight
 t - 5 potions of brilliance
 F - 3 potions of heal wounds
 K - 3 potions of curing
 M - a potion of cancellation
Miscellaneous
 V - a phial of floods (inert)


   Skills:
 - Level 12.2 Fighting
 - Level 15.8 Polearms
 - Level 5.2 Slings
 - Level 12.0 Armour
 - Level 0.8 Dodging
 - Level 0.8 Stealth
 - Level 6.2 Shields
 + Level 6.9 Invocations
 - Level 6.6 Evocations


You had 11 spell levels left.
You knew the following spells:

 Your Spells              Type           Power      Damage    Failure   Level
a - Passwall              Tmut/Erth      0%         N/A       100%        2
b - Slow                  Hex            0%         N/A       100%        1

Your spell library contained the following spells:

 Spells                   Type           Power      Damage    Failure   Level
 Foxfire                  Conj/Fire      0%         2x1d4     100%        1
 Sandblast                Erth           0%         2d4       100%        1
 Summon Small Mammal      Summ           0%         N/A       100%        1
 Ensorcelled Hibernation  Hex/Ice        0%         N/A       100%        2
 Static Discharge         Conj/Air       0%         N/A       100%        2
 Call Canine Familiar     Summ           0%         N/A       100%        3
 Confusing Touch          Hex            0%         N/A       100%        3
 Conjure Flame            Conj/Fire      0%         6-21      100%        3
 Inner Flame              Hex/Fire       0%         N/A       100%        3
 Portal Projectile        Hex/Tloc       0%         N/A       100%        3
 Spider Form              Tmut/Pois      0%         N/A       100%        3
 Stone Arrow              Conj/Erth      0%         3d7       100%        3
 Summon Guardian Golem    Hex/Summ       0%         N/A       100%        3
 Tukima's Dance           Hex            0%         N/A       100%        3
 Vampiric Draining        Necr           0%         2d6       100%        3
 Anguish                  Hex/Necr       0%         N/A       100%        4
 Flame Wave               Conj/Fire      0%         2d4       100%        4
 Hailstorm                Conj/Ice       0%         3d3       100%        4
 Ice Form                 Ice/Tmut       0%         N/A       100%        4
 Passage of Golubria      Tloc           0%         N/A       100%        4
 Petrify                  Tmut/Erth      0%         N/A       100%        4
 Summon Ice Beast         Ice/Summ       0%         N/A       100%        4
 Alistair's Intoxication  Tmut/Pois      0%         N/A       100%        5
 Blade Hands              Tmut           0%         N/A       100%        5
 Borgnjor's Vile Clutch   Necr/Erth      0%         N/A       100%        5
 Irradiate                Conj/Tmut      0%         3d13      100%        5
 Lightning Bolt           Conj/Air       0%         1d11      100%        5
 Metabolic Englaciation   Hex/Ice        0%         N/A       100%        5
 Summon Mana Viper        Hex/Summ       0%         N/A       100%        5
 Yara's Violent Unravell  Hex/Tmut       0%         3d3       100%        5
 Eringya's Noxious Bog    Tmut/Pois      0%         N/A       100%        6
 Statue Form              Tmut/Erth      0%         N/A       100%        6
 Dragon Form              Tmut           0%         N/A       100%        7
 Monstrous Menagerie      Summ           0%         N/A       100%        7
 Maxwell's Capacitive Co  Air            0%         ∞         100%        8
 Simulacrum               Ice/Necr       Unusable   N/A       N/A         6

Dungeon Overview and Level Annotations

Branches:
Dungeon (15/15)            Temple (0/1) D:6            Lair (6/6) D:8
  Swamp (0/4) Lair:4        Snake (0/4) Lair:3        Slime (0/5) Lair:6
    Orc (2/2) D:10            Elf (0/3) Orc:2        Vaults (0/5) D:14
 Depths: D:15

Altars:
Cheibriados
Hepliaklqana
Uskayaw
Yredelemnul
Beogh
Jiyva
Lugonu

Shops:
D:2 ?   D:4 !   Orc:2 =

Portals:
Abyss: D:12

Annotations:
D:2 Sigmund
D:4 exclusion: downstairs
D:6 3 runed translucent doors, grumblor's ghost, novice SpHu
D:7 exclusion: downstairs
D:8 exclusion: downstairs
Lair:1 3 runed translucent doors, Nipigouma's ghost, journeyman DjBe
Lair:4 1 runed translucent door, vulpzor's ghost, journeyman MiFi
Lair:5 3 runed translucent doors, Dysowo's ghost, journeyman PaMo
Orc:1 2 runed translucent doors, exclusion: downstairs, Taurus's ghost, journeyman MiFi
Orc:2 Jorgrun; Josephine; Snorg


Innate Abilities, Weirdness & Mutations

You have claws for hands.
You are partially covered in thin metallic scales. (AC +2)
You sometimes gain power by taking damage.
A meltable shield of frost defends you. (SH +4)


Message History

You barely miss the yaktaur.
You are too injured to fight recklessly!
You hit the yaktaur.
The yaktaur is lightly wounded.
You block the yaktaur's attack.
You hit the yaktaur.
The yaktaur is lightly wounded.
You are too injured to fight recklessly!
You hit the yaktaur.
The yaktaur is moderately wounded.
The yaktaur hits you with a +0 broad axe.
You are too injured to fight recklessly!
You hit the yaktaur.
The yaktaur is moderately wounded.
The yaktaur barely misses you.
You barely miss the yaktaur.
The yaktaur is moderately wounded.
The yaktaur hits you with a +0 broad axe.
You puncture the yaktaur!
The yaktaur is severely wounded.
You puncture the yaktaur!
You kill the yaktaur!
The dead are walking!
The boulder beetle curls into a ball and begins rolling!
The boulder beetle hits you!!!
* * * LOW HITPOINT WARNING * * *
You focus on the pain.
You feel very mighty all of a sudden.
The boulder beetle stops rolling and uncurls.
Things that are here:
a +0 broad axe; a +3 arbalest; a ring of positive energy You barely miss the boulder beetle.
The boulder beetle is lightly wounded.
Your +3 spectral trident hits the boulder beetle but does no damage.
Your yaktaur zombie hits the boulder beetle!
You swap places.
The boulder beetle attacks as you move away!
The boulder beetle bites you!
You die...
Your body rises from the dead as a mindless zombie.

...+........# ...#........#
............ ...........
.......... #.#....Z..
###......(B# ........##@#
.... ........##)# ........#
........##Z# .........#
........##.# #.........#
........##.# #.#..........
...........# #.#..........
........#### #.#..........
........#######.#..........
........Z....##.#.....)..).


You could see a boulder beetle (ally target), a friendly +3 spectral trident
(summoned), a friendly six-headed hydra zombie and 2 friendly yaktaur zombies.

Vanquished Creatures
  An orc warlord (Orc:1)
  A yaktaur captain (D:14)
  Harold (Lair:1)
  7 hydras
  A great orb of eyes (Abyss:2)
  Erolcha (Orc:2)
  An ogre mage (Orc:2)
  3 centaur warriors
  9 two-headed ogres
  A boulder beetle (D:12)
  A tengu warrior (D:15)
  Amaemon (Lair:1)
  Lodul (D:10)
  2 deep trolls
  2 wizards
  An orc knight (D:15)
  2 deep elf pyromancers
  6 ugly things
  An orc sorcerer (Orc:1)
  4 manticores
  3 slime creatures (D:13)
  A cyclops (D:14)
  An orange demon (Lair:1)
  A black mamba (Lair:2)
  3 gargoyles
  3 torpor snails (Lair:1)
  16 cane toads
  5 yaktaurs
  An unseen horror (D:11)
  A kobold demonologist (D:12)
  7 komodo dragons
  3 rime drakes
  2 efreet
  An ice devil (Lair:4)
  3 meliai (D:15)
  3 polar bears
  11 trolls
  Prince Ribbit (D:8)
  20 blink frogs
  3 dream sheep (Lair:6)
  2 centaur simulacra (D:10)
  A vampire (D:11)
  2 wraiths (Orc:2)
  5 wyverns
  2 humans (D:6)
  A water elemental (D:15)
  18 yaks
  Grum (D:9)
  13 vampire mosquitoes
  2 steam dragons
  2 basilisks
  4 wargs
  A naga (Lair:3)
  4 acid dragons
  15 water moccasins
  17 orc warriors
  2 black bears (D:6)
  15 ogres
  13 wolves
  11 centaurs
  A kobold brigand (D:8)
  A gnoll sergeant (D:10)
  A necrophage (D:5)
  12 bullfrogs
  A scorpion (D:6)
  8 killer bees
  6 electric eels
  2 howler monkeys
  A jelly (D:8)
  9 orc priests
  A hound (D:5)
  8 iguanas
  Ijyb (D:5)
  20 orc wizards
  4 gnolls
  4 adders
  A shadow imp (D:8)
  2 white imps (D:10)
  A howler monkey simulacrum (D:10)
  2 ufetubi
  3 worms
  2 dart slugs
  54 orcs
  7 bats
  4 endoplasms
  A giant cockroach (D:3)
  3 goblins
  2 hobgoblins
  8 kobolds
  3 quokkas
  5 ball pythons
  3 frilled lizards
  2 rats (D:1)
  A lurking horror (D:12)
451 creatures vanquished.

Vanquished Creatures (collateral kills)
  2 hydras
  A catoblepas (Lair:6)
  A tengu warrior (D:14)
  A goliath frog (Lair:6)
  A deep elf pyromancer (D:15)
  2 cyclopes
  6 cane toads
  2 komodo dragons
  An ice devil (Lair:4)
  3 tyrant leeches (Lair:6)
  8 blink frogs
  A slime creature (D:13)
  2 dream sheep (Lair:6)
  A jumping spider (shapeshifter) (D:15)
  A centaur simulacrum (D:12)
  A wyvern (Lair:3)
  A wraith (Orc:2)
  6 yaks
  3 humans (D:6)
  A basilisk (Lair:4)
  A vampire mosquito (Lair:6)
  A swamp worm (Lair:4)
  A warg (Orc:2)
  4 water moccasins
  A naga (Lair:3)
  2 orc warriors (Orc:2)
  An ice beast (D:7)
  3 ogres (D:10)
  4 wolves
  3 centaurs
  5 bullfrogs
  A scorpion (D:6)
  3 killer bees (D:8)
  An electric eel (D:10)
  4 orc priests
  2 hounds
  3 jellies (Lair:6)
  An iguana (Lair:4)
  6 orc wizards
  2 gnolls (D:4)
  A shadow imp (D:4)
  3 white imps
  A worm (D:2)
  14 orcs
  A bat (D:2)
  2 endoplasms
  A hobgoblin (D:3)
  2 ball pythons
  3 kobolds
  3 rats (D:2)
125 creatures vanquished.

Vanquished Creatures (others)
  A goliath frog zombie (Lair:6)
  2 ugly thing zombies
  A catoblepas zombie (Lair:6)
  A hydra zombie (Lair:4)
  A boulder beetle zombie (D:12)
  A great orb of eyes zombie (Abyss:2)
  A meliai zombie (D:15)
  A tyrant leech zombie (Lair:6)
  A slime creature zombie (D:13)
  A tengu zombie (D:15)
  A two-headed ogre zombie (Orc:1)
  5 cane toad zombies
  An elf zombie (D:13)
  A manticore zombie (D:13)
  10 blink frog zombies
  A centaur (D:8)
  4 vampire mosquito zombies
  A spectral black bear (D:6)
  A komodo dragon zombie (Lair:5)
  A spectral water moccasin (D:6)
  8 water moccasin zombies
  2 wyvern zombies
  A warg zombie (D:8)
  3 troll zombies
  A yak zombie (Lair:4)
  7 wolf zombies
  7 bullfrog zombies
  4 centaur zombies
  A basilisk zombie (Lair:6)
  4 human zombies
  2 orc wizards
  3 killer bee zombies
  7 ogre zombies
  A spectral hound (D:5)
  A hound zombie (D:5)
  A spectral electric eel (D:10)
  A spectral iguana (D:6)
  A howler monkey zombie (D:9)
  2 spectral orcs
  A gnoll (D:4)
  A steam dragon zombie (D:8)
  A worm zombie (D:2)
  An iguana zombie (D:6)
  A jelly zombie (D:8)
  A spectral shadow imp (D:8)
  3 spectral white imps
  An adder zombie (D:4)
  An orc (D:7)
  4 gnoll zombies
  3 ball python zombies
  A dart slug zombie (D:4)
  2 endoplasm zombies
  2 goblin zombies (D:4)
  A hobgoblin zombie (D:3)
  4 kobold zombies
  35 orc zombies
  A rat zombie (D:2)
  A spectral ufetubus (D:5)
  52 fungi
  120 plants
  5 toadstools (D:1)
336 creatures vanquished.

Grand Total: 912 creatures vanquished

Notes
Turn   | Place    | Note
-------+----------+-------------------------------------------
     0 | D:1      | dolemite99 the Demonspawn Artificer began the quest for the
                  | Orb.
     0 | D:1      | Reached XP level 1. HP: 15/15 MP: 1/1
   169 | D:1      | Reached skill level 1 in Slings
   169 | D:1      | Gained mutation: A meltable shield of frost defends you.
                  | (SH +4) [demonic ancestry]
   169 | D:1      | Reached XP level 2. HP: 18/21 MP: 2/2
   607 | D:1      | Found a faded altar of an unknown god.
   611 | D:1      | Prayed at the altar of an unknown god.
   611 | D:1      | Became a worshipper of Yredelemnul the Dark
   611 | D:1      | Reached * piety under Yredelemnul
   738 | D:2      | Found Juneloful's Magic Scroll Boutique.
   747 | D:2      | Bought a scroll of fear for 45 gold pieces
   747 | D:2      | Bought a scroll of identify for 26 gold pieces
   747 | D:2      | Bought a scroll of poison for 45 gold pieces
  1030 | D:2      | Reached XP level 3. HP: 23/26 MP: 3/3
  1667 | D:2      | Reached XP level 4. HP: 32/32 MP: 4/4
  1683 | D:2      | Reached ** piety under Yredelemnul
  1686 | D:2      | Noticed Sigmund
  2403 | D:3      | Found a faded altar of an unknown god.
  2407 | D:3      | Found a hide-covered altar of Uskayaw.
  2826 | D:4      | Found Ciadas's Distillery.
  2944 | D:4      | Gained mutation: You sometimes gain a little power by
                  | taking damage. [demonic ancestry]
  2944 | D:4      | Reached XP level 5. HP: 34/37 MP: 5/5
  3105 | D:4      | Bought a potion of lignification for 42 gold pieces
  3105 | D:4      | Bought a potion of curing for 42 gold pieces
  3105 | D:4      | Bought a potion of curing for 42 gold pieces
  3105 | D:4      | Bought a potion of curing for 42 gold pieces
  4015 | D:4      | Found the +7 staff of the Meek {protect, meekguard}
  4174 | D:5      | Entered Level 5 of the Dungeon
  4187 | D:5      | Reached skill level 5 in Evocations
  4472 | D:5      | Noticed Ijyb
  5026 | D:5      | Reached XP level 6. HP: 20/43 MP: 6/6
  5578 | D:5      | Killed Ijyb
  6118 | D:5      | Reached XP level 7. HP: 48/48 MP: 7/7
  6175 | D:5      | Identified the +0 robe of Shrieking Creativity {Str+3
                  | Dex+4}
  6481 | D:6      | Noticed grumblor's ghost (novice SpHu)
  6634 | D:6      | Found a runed translucent gate.
  6634 | D:6      | Found a runed translucent gate.
  6634 | D:6      | Found a runed translucent gate.
  6685 | D:6      | Reached skill level 5 in Slings
  6918 | D:6      | Reached skill level 1 in Polearms
  6955 | D:6      | Found a staircase to the Ecumenical Temple.
  6961 | D:6      | Reached skill level 2 in Polearms
  6964 | D:6      | Reached skill level 3 in Polearms
  7063 | D:6      | Noticed a human
  7063 | D:6      | Noticed a human
  7064 | D:6      | Noticed a human
  7064 | D:6      | Noticed a human
  7067 | D:6      | Reached XP level 8. HP: 54/54 MP: 8/8
  7068 | D:6      | Reached skill level 5 in Polearms
  7069 | D:6      | Reached *** piety under Yredelemnul
  7081 | D:6      | Reached skill level 6 in Polearms
  7105 | D:6      | Reached skill level 7 in Polearms
  7759 | D:6      | Gained mutation: You have sharp fingernails. [demonic
                  | ancestry]
  7759 | D:6      | Reached XP level 9. HP: 59/59 MP: 9/9
  7952 | D:6      | Learned a level 2 spell: Passwall
  8392 | D:7      | Reached skill level 8 in Polearms
  9490 | D:8      | Reached skill level 9 in Polearms
  9633 | D:8      | Noticed Prince Ribbit
  9915 | D:8      | Reached skill level 5 in Fighting
  9975 | D:8      | Noticed a two-headed ogre
 10626 | D:8      | Gained mutation: You are partially covered in thin metallic
                  | scales. (AC +2) [demonic ancestry]
 10626 | D:8      | Reached XP level 10. HP: 61/76 MP: 10/10
 10648 | D:8      | Killed Prince Ribbit
 10897 | D:8      | Your ally Prince Ribbit died
 10898 | D:8      | Killed a two-headed ogre
 11274 | D:8      | Found a staircase to the Lair.
 11469 | D:8      | Reached skill level 5 in Armour
 12255 | D:9      | Noticed Grum
 13080 | D:9      | Killed Grum
 13099 | D:9      | Your ally Grum died
 13830 | Lair:1   | Entered Level 1 of the Lair of Beasts
 13935 | D:2      | Bought a scroll of poison for 45 gold pieces
 13935 | D:2      | Bought 3 scrolls of identify for 78 gold pieces
 14071 | Lair:1   | Noticed Harold
 14084 | Lair:1   | Killed Harold
 14365 | Lair:1   | Reached skill level 10 in Polearms
 14801 | Lair:1   | Found a runed translucent gate.
 14802 | Lair:1   | Found a runed translucent gate.
 14838 | Lair:1   | Gained mutation: You have very sharp fingernails. [demonic
                  | ancestry]
 14838 | Lair:1   | Reached XP level 11. HP: 83/83 MP: 11/11
 15197 | Lair:1   | Found a snail-covered altar of Cheibriados.
 15577 | Lair:1   | Reached **** piety under Yredelemnul
 15584 | Lair:1   | Noticed Amaemon
 15592 | Lair:1   | Killed Amaemon
 15593 | Lair:1   | Reached ***** piety under Yredelemnul
 15964 | Lair:1   | Found a runed translucent gate.
 15964 | Lair:1   | Noticed Nipigouma's ghost (journeyman DjBe)
 15971 | Lair:1   | Found a viscous altar of Jiyva.
 16900 | Lair:2   | Reached skill level 11 in Polearms
 17462 | Lair:2   | Noticed a four-headed hydra
 17493 | Lair:2   | Killed a four-headed hydra
 18824 | Lair:3   | Found a staircase to the Snake Pit.
 19117 | Lair:3   | Reached XP level 12. HP: 93/93 MP: 12/12
 19764 | Lair:4   | Found a runed translucent door.
 19767 | Lair:4   | Noticed vulpzor's ghost (journeyman MiFi)
 19780 | Lair:4   | Identified the +6 trident "Usmil" {freeze, rPois rF+++
                  | Dex-2}
 19800 | Lair:4   | Reached skill level 12 in Polearms
 19872 | Lair:4   | Noticed a four-headed hydra
 19887 | Lair:4   | Killed a four-headed hydra
 20546 | Lair:4   | Noticed a seven-headed hydra
 20562 | Lair:4   | Killed a seven-headed hydra
 20596 | Lair:4   | Found a staircase to the Swamp.
 21174 | Lair:5   | Found a runed translucent gate.
 21247 | Lair:5   | Found a runed translucent gate.
 21248 | Lair:5   | Found a runed translucent gate.
 21250 | Lair:5   | Noticed Dysowo's ghost (journeyman PaMo)
 21419 | Lair:5   | Reached skill level 13 in Polearms
 21839 | Lair:5   | Noticed a seven-headed hydra
 21847 | Lair:5   | Killed a seven-headed hydra
 22568 | Lair:6   | Entered Level 6 of the Lair of Beasts
 22640 | Lair:6   | Reached skill level 10 in Armour
 22644 | Lair:6   | Noticed a five-headed hydra
 22647 | Lair:6   | Gained mutation: You have claws for hands. [demonic
                  | ancestry]
 22647 | Lair:6   | Reached XP level 13. HP: 82/103 MP: 13/13
 22925 | Lair:6   | Reached skill level 10 in Fighting
 23111 | Lair:6   | Reached skill level 14 in Polearms
 23238 | Lair:6   | Reached ****** piety under Yredelemnul
 23273 | Lair:6   | Found a staircase to the Slime Pits.
 24264 | D:10     | Entered Level 10 of the Dungeon
 25228 | D:10     | Noticed Lodul
 25244 | D:10     | Reached skill level 15 in Polearms
 25246 | D:10     | Killed Lodul
 25546 | D:10     | Found a staircase to the Orcish Mines.
 26912 | D:11     | Reached XP level 14. HP: 102/113 MP: 14/14
 27918 | D:12     | Found a one-way gate to the infinite horrors of the Abyss.
 27923 | D:12     | Found a corrupted altar of Lugonu.
 28506 | Orc:1    | Entered Level 1 of the Orcish Mines
 28506 | Orc:1    | You fall into a shaft and drop 1 floor!
 28506 | Orc:2    | Entered Level 2 of the Orcish Mines
 28506 | Orc:2    | Found a staircase to the Elven Halls.
 28566 | Orc:2    | Noticed Jorgrun
 28567 | Orc:2    | Noticed Josephine
 28595 | Orc:2    | Noticed Erolcha
 28628 | Orc:2    | Killed Erolcha
 28633 | Orc:2    | Noticed Snorg
 28914 | Orc:2    | Found Dosev's Jewellery Shoppe.
 29275 | Orc:1    | Found a large runed translucent door.
 29278 | Orc:1    | Found a large runed translucent door.
 29283 | Orc:1    | Found the +8 lance "Wyrmbane" {slay drac, rPois rF+ rC+
                  | AC+3}
 29283 | Orc:1    | Noticed an orc warlord
 29305 | Orc:1    | Killed an orc warlord
 29885 | Orc:1    | Noticed Taurus's ghost (journeyman MiFi)
 30133 | Orc:2    | Reached skill level 1 in Shields
 30895 | D:13     | Found the +8 whip "Snakebite" {venom, curare, rPois}
 31227 | D:13     | Cast into level 2 of the Abyss (a wizard)
 31357 | D:13     | Escaped the Abyss
 31367 | D:13     | Reached skill level 5 in Shields
 31688 | D:14     | Found a hazy altar of Hepliaklqana.
 31996 | D:14     | Learned a level 1 spell: Slow
 32088 | D:14     | Found a gate to the Vaults.
 32302 | D:14     | Reached skill level 1 in Invocations
 32506 | D:15     | Entered Level 15 of the Dungeon
 32701 | D:15     | Gained mutation: You sometimes gain power by taking damage.
                  | [demonic ancestry]
 32701 | D:15     | Reached XP level 15. HP: 115/121 MP: 16/18
 32721 | D:15     | Reached skill level 5 in Invocations
 32956 | D:15     | HP: 3/121 [boulder beetle (38)]
 32958 | D:15     | Slain by a boulder beetle

Illustrated notes

Levels and vault maps discovered:
D:1:      dpeg_arrival_rooms_b, layout_loops_ring, ebering_ecumenical_altar_box,
          minmay_gold_behind_fungi
D:2:      layout_basic, serial_shops, nicolae_shop_competitors_out_of_business,
          uniq_sigmund
D:3:      layout_loops_corners, nicolae_overflow_ecumenical_swirl,
          lightli_sewer_entry_pipes, nicolae_figureground_pulse
D:4:      layout_basic, serial_shops, nicolae_shop_hallway_stairs,
          pf_guarded_unrand_meek
D:5:      layout_loops_cross, eino_small_chamber_without_monster, uniq_ijyb
D:6:      layout_loops_corners, minmay_temple_entry_arrows, gammafunk_ghost_icy,
          hangedman_decor_diamond_cutter, minmay_tree_intersection,
          minmay_misc_feat_enclosed, minmay_ruffians
D:7:      layout_basic
D:8:      layout_rooms, erik_lair_orcish_takeover, minmay_chambers_of_fives,
          uniq_prince_ribbit1
D:9:      layout_irregular_city, uniq_grum
D:10:     layout_grid_maze, minmay_orc_entry_temple_small, serial_ice,
          serial_ice_b, serial_ice_i, serial_ice_a, serial_ice_e,
          kennysheep_boxes, uniq_lodul
D:11:     layout_roguey
D:12:     layout_irregular_city, amcnicky_altar_lugonu_corruption
D:13:     layout_loops_ring
D:14:     layout_loops_corners, david_vaults_2, nicolae_hepliaklqana_hazy_memory
D:15:     gammafunk_enter_depths_forms, layout_basic
Lair:1:   layout_regular_city, gammafunk_ghost_ooze, kennysheep_snail_temple,
          lemuel_fruit_tree, uniq_harold, uniq_amaemon
Lair:2:   layout_loops_ring, beast_lair_carwin_4
Lair:3:   layout_layer_cave, guppyfry_snake_entry_garden,
          infiniplex_staircase_pool
Lair:4:   layout_regular_city, palyth_hydra_swamp_entry,
          ebering_ghost_funeral_grove, portal_ice_cave_demonic_guard
Lair:5:   dreamdust_cave_troll, layout_cellular_growth,
          ebering_ghost_rock_garden
Lair:6:   minmay_lair_end_frog_pond, layout_cave_pods,
          nicolae_slime_entry_slimehenge
Orc:1:    layout_diamond_mine, ebering_ghost_disaster_area,
          guppyfry_library_mini
Orc:2:    st_orc_open, layout_caves, serial_shops, shop, uniq_josephine,
          uniq_jorgrun, uniq_snorg, uniq_erolcha

Skill      XL: |  1  2  3  4  5  6  7  8  9 10 11 12 13 14 15 |
---------------+----------------------------------------------+-----
Slings         | 1 2 3 4 5 |  5.2
Evocations     | 4 5 6 |  6.6
Polearms       | 3 7 9 10 11 13 15 | 15.8
Fighting       | 5 6 8 9 11 12 | 12.2
Armour         | 2 7 8 10 11 12 | 12.0
Shields        | 6 |  6.2
Invocations    | 4 6 |  6.9
Dodging        | |  0.8
Stealth        | |  0.8

Action                   |  1- 3 |  4- 6 |  7- 9 | 10-12 | 13-15 || total
-------------------------+-------+-------+-------+-------+-------++-------
Melee: Trident           |       |       |   158 |   432 |   856 ||  1446
       Punch             |       |       |     2 |     6 |     8 ||    16
 Fire: Hunting sling     |   117 |   208 |       |    11 |       ||   336
Throw: Dart              |       |       |       |    30 |       ||    30
       Boomerang         |       |       |       |    22 |    78 ||   100
Invok: Recall Undead Har |       |       |     1 |       |     1 ||     2
Evoke: Wand              |     9 |    21 |    31 |     3 |    21 ||    85
       Phial of floods   |       |       |       |       |     3 ||     3
  Use: Scroll            |     3 |     4 |    15 |    11 |    16 ||    49
       Potion            |       |     3 |    11 |     8 |     6 ||    28
 Stab: Distracted        |       |       |     2 |     5 |    21 ||    28
Armor: Leather armour    |    23 |    63 |       |       |       ||    86
       Chain mail        |       |    35 |    71 |    77 |       ||   183
       Skin              |       |       |    31 |    29 |       ||    60
       Plate armour      |       |       |       |   100 |   453 ||   553
Dodge: Dodged            |    44 |    94 |    36 |    81 |   128 ||   383
Block: Other             |     8 |    33 |    26 |    55 |    72 ||   194
       Kite shield       |       |       |       |       |    64 ||    64

Table legend: (Time is in decaauts)
 A = Elapsed time spent in this place.
 B = Non-inter-level travel time spent in this place.
 C = Inter-level travel time spent in this place.
 D = Time resting spent in this place.
 E = Time spent auto-exploring this place.
 F = Levels seen in this place.
 G = Mean time per level.
                   A        B        C        D        E       F      G
               +--------+--------+--------+--------+--------+-----+--------+
         Total |  32711 |  30960 |   1751 |  11676 |  13871 |  24 | 1363.0 |
       Dungeon |  21074 |  19757 |   1317 |   8239 |   8192 |  15 | 1404.9 |
          Lair |   9934 |   9542 |    392 |   3071 |   4960 |   6 | 1655.7 |
  Orcish Mines |   1575 |   1533 |     42 |    365 |    629 |   2 |  787.5 |
         Abyss |    127 |    127 |      0 |      0 |     89 |   1 |  127.0 |
               +--------+--------+--------+--------+--------+-----+--------+

Top non-repeatable levels by time:
     D:8: 3436 daAuts
  Lair:1: 2558 daAuts
     D:4: 2078 daAuts
  Lair:2: 1986 daAuts
     D:5: 1785 daAuts
  Lair:5: 1747 daAuts
     D:6: 1714 daAuts
    D:10: 1640 daAuts
     D:9: 1610 daAuts
     D:7: 1544 daAuts
  Lair:4: 1347 daAuts
     D:2: 1312 daAuts
  Lair:6: 1271 daAuts
    D:13: 1211 daAuts
   Orc:1: 1175 daAuts
